 Dungeon Crawl Stone Soup version bcrawl-1.28.4 (webtiles) character file.

Game seed: 10503237592077827169

339377 Mehrunes the Carver (level 11, -11/73 HPs)
             Began as a Skeleton Necromancer on Jan 19, 2021.
             Was a Priest of Kikubaaqudgha.
             Mangled by a wyvern (12 damage)
             ... on level 3 of the Lair of Beasts.
             The game lasted 00:44:36 (12450 turns).

Mehrunes the Carver (Skeleton Necromancer)         Turns: 12450, Time: 00:44:36

Health: -11/73     AC: 24    Str: 17      XL:     11   Next: 69%
Magic:  0/17       EV:  8    Int: 15      God:    Kikubaaqudgha [***...]
Gold:   629        SH:  1    Dex:  6 (7)  Spells: 3/18 levels left

rFire    . . .     SeeInvis .   n - +0 long sword
rCold    + . .     Gourm    .   (no shield)
rNeg     + + +     Faith    +   k - +1 plate armour of the Thirteen Moons {rN+ Dex-2 Stlth+}
rPois    ∞         Spirit   +   x - +0 helmet
rElec    .         Reflect  .   q - +2 cloak
rCorr    .         Harm     .   w - +1 pair of gloves {archery}
MR       ++...                  i - +0 pair of boots
Stlth    ..........             m - amulet of faith
HPRegen  0.22/turn              j - ring of protection from magic
MPRegen  0.15/turn              (no ring)

@: about to teleport
A: no food or potions, cold resistance 1, deterioration 1, negative energy
resistance 3, powered by death 1, torment resistance, unbreathing, magic shield,
sturdy frame 2, spell healing
a: Receive Corpses, Renounce Religion


You were on level 3 of the Lair of Beasts.
You worshipped Kikubaaqudgha.
Kikubaaqudgha was most pleased with you.
You were not hungry.

You visited 3 branches of the dungeon, and saw 12 of its levels.
You also visited: Sewer and Bailey.

You collected 629 gold pieces.

Inventory:

Hand Weapons
 a - a +1 dagger
 c - a +0 falchion
 n - a +0 long sword (weapon)
 r - a +2 quarterstaff of chaos
Missiles
 f - 66 needles of frenzy {=f}
 g - a throwing net {=f}
Armour
 e - a +0 chain mail
 i - a +0 pair of boots (worn)
 k - the +1 plate armour of the Thirteen Moons (worn) {rN+ Dex-2 Stlth+}
   (You found it on level 6 of the Dungeon)

   It affects your dexterity (-2).
   It protects you from negative energy.
   It makes you more stealthy.
 p - a +0 plate armour
 q - a +2 cloak (worn)
 w - a +1 pair of gloves of archery (worn)
 x - a +0 helmet (worn)
Jewellery
 j - a ring of protection from magic (left hand)
 l - an uncursed ring of resist corrosion
 m - an amulet of faith (around neck)
 s - a -3 ring of slaying
 B - an uncursed amulet of magic regeneration {unknown}
Wands
 b - a wand of disintegration (17)
 v - a wand of paralysis (8)
Scrolls
 d - 2 scrolls of magic mapping
 h - 5 scrolls of remove curse
 o - 2 scrolls of teleportation
 t - 5 scrolls of identify
 u - 4 scrolls of immolation
 y - a scroll of blinking {unknown}
 z - a scroll of amnesia {unknown}
 A - a scroll of enchant armour


   Skills:
 + Level 10.3 Fighting
 - Level 0.3(7.7) Short Blades
 - Level 11.9(12.0) Long Blades
 + Level 10.7 Armour
 - Level 2.0 Dodging
 - Level 2.4 Stealth
 + Level 4.0 Spellcasting
 + Level 8.5 Necromancy


You had 3 spell levels left.
You knew the following spells:

 Your Spells              Type           Power        Failure   Level  Hunger
a - Animate Skeleton      Necr           N/A          3%          1    N/A
b - Pain                  Necr           ####..       3%          1    N/A
c - Vampiric Draining     Necr           ####......   11%         3    N/A
d - Agony                 Necr           ####....     36%         4    N/A
e - Animate Dead          Necr           N/A          36%         4    N/A
f - Corpse Rot            Necr           N/A          5%          2    N/A

Your spell library contained the following spells:

 Spells                   Type           Power        Failure   Level  Hunger
 Shock                    Conj/Air       #....        77%         1    N/A
 Summon Small Mammal      Summ           #...         77%         1    N/A
 Call Imp                 Summ           #.....       88%         2    N/A
 Swiftness                Chrm/Air       #.......     88%         2    N/A
 Call Canine Familiar     Summ           #.......     98%         3    N/A
 Static Discharge         Air            #.......     98%         3    N/A
 Dispel Undead            Necr           ####....     71%         5    N/A
 Bolt of Draining         Conj/Necr      ###.......   99%         5    N/A
 Airstrike                Air            #.........   100%        4    N/A
 Fulminant Prism          Conj/Hex       #.........   100%        4    N/A
 Summon Ice Beast         Ice/Summ       #.......     100%        4    N/A
 Lightning Bolt           Conj/Air       #.........   100%        5    N/A
 Summon Lightning Spire   Summ/Air       #.......     100%        5    N/A
 Borgnjor's Vile Clutch   Necr/Erth      ###.......   100%        6    N/A
 Iron Shot                Conj/Erth      #.........   100%        6    N/A
 Poison Arrow             Conj/Pois      #.........   100%        6    N/A
 Simulacrum               Ice/Necr       ###.......   100%        6    N/A
 Orb of Destruction       Conj           #.........   100%        7    N/A
 Spellforged Servitor     Conj/Summ      #.........   100%        7    N/A
 Sublimation of Blood     Necr           Unusable     N/A         2    N/A

Dungeon Overview and Level Annotations

Branches:
Dungeon (8/12)             Temple (1/1) D:4            Lair (3/6) D:8
 Spider (0/3) Lair:2
  Swamp: Lair:2-4    Shoals: Lair:2-4       Orc: D:8-11

Altars:
Ashenzari
Cheibriados
Dithmenos
Elyvilon
Fedhas
Gozag
Hepliaklqana
Kikubaaqudgha
Lugonu
Makhleb
Nemelex Xobeh
Okawaru
Qazlal
Ru
Sif Muna
Trog
Uskayaw
Vehumet
Xom
Yredelemnul
The Shining One

Shops:
D:4 !   D:7 [

Annotations:
D:6 3 runed translucent doors, yrara's ghost, novice DsFi


Innate Abilities, Weirdness & Mutations

You do not eat or drink.
You are immune to poison.
Your flesh is cold resistant. (rC+)
Your body sometimes deteriorates upon taking damage.
You are immune to negative energy. (rN+++)
You regenerate a little health from kills.
You are immune to unholy pain and torment.
You can survive without breathing.
When hurt, damage is shared between your health and your magic reserves.
Your movements are less encumbered by armour. (ER -4)
Casting spells heals you.


Message History

The cane toad is lightly wounded.
The cane toad hits you. The wyvern barely misses you.
You barely miss the cane toad.
The cane toad is lightly wounded.
The wyvern bites you but does no damage.
The cane toad closely misses you.
You closely miss the cane toad.
The cane toad is lightly wounded.
The wyvern bites you!
* * * LOW HITPOINT WARNING * * *
The cane toad hits you but does no damage.
Press: ? - help, v - describe, . - travel
Here: a wyvern (moderately wounded)
As you read the scroll of teleportation, it crumbles to dust.
You feel strangely unstable. The wyvern closely misses you.
The cane toad hits you!
* * * LOW HITPOINT WARNING * * *
The wyvern bites you!
You die...
Kikubaaqudgha rasps: "You have failed me!
Welcome... oblivion!"

....# ##.##
#....# #.#
#....# #.#
.....# #.#
##....###P .. #
##.........
.##.#P.........
...............
..[...F@....$..
.......l.......
...............
...............
######.###.####
## ##


You could see a cane toad and a wyvern.

Vanquished Creatures
  2 elephants (Lair:3)
  3 cane toads
  A rime drake (Lair:1)
  3 komodo dragons
  3 blink frogs (Lair:2)
  4 hippogriffs
  5 dream sheep (Lair:3)
  A basilisk (Lair:3)
  Menkaure (D:6)
  4 crocodiles (Lair:2)
  2 water moccasins
  6 orc warriors (Bailey)
  7 porcupines
  A sky beast (D:2)
  A phantom (D:6)
  3 ogres
  A necrophage (D:7)
  8 wolves (Lair:1)
  2 centaurs
  3 bullfrogs
  3 big kobolds (Sewer)
  An elf skeleton (D:7)
  4 scorpions (Lair:2)
  A troll zombie (D:7)
  A troll skeleton (D:7)
  A hound (D:4)
  An orc wizard (D:6)
  Crazy Yiuf (D:2)
  6 human zombies (D:7)
  3 orc priests
  A human skeleton (D:7)
  6 worker ants
  2 mummies (D:7)
  A hound skeleton (D:6)
  A worker ant zombie (D:6)
  14 adders
  2 river rats
  A shadow imp (D:5)
  10 oozes
  4 worms
  6 dart slugs
  4 leopard geckos
  24 orcs
  6 ball pythons
  7 giant cockroaches
  5 goblins
  10 hobgoblins
  9 jackals
  15 kobolds
  4 quokkas
  5 bats
  7 frilled lizards
  13 rats
240 creatures vanquished.

Vanquished Creatures (collateral kills)
  A hydra (Lair:1)
  6 elephants (Lair:3)
  3 cane toads
  A komodo dragon (Lair:1)
  6 yaks (Lair:1)
  3 water moccasins
  A crocodile (Lair:2)
  3 porcupines (Lair:1)
  4 wolves (Lair:1)
  2 fungi (Lair:3)
  A plant (Lair:3)
31 creatures vanquished.

Vanquished Creatures (others)
  49 fungi (Lair:3)
  12 plants (Lair:3)
61 creatures vanquished.

Grand Total: 332 creatures vanquished

Notes
Turn   | Place    | Note
-------+----------+-------------------------------------------
     0 | D:1      | Mehrunes the Skeleton Necromancer began the quest for the
                  | Orb.
     0 | D:1      | Reached XP level 1. HP: 10/10 MP: 4/4
   417 | D:1      | Reached XP level 2. HP: 16/16 MP: 4/6
   644 | D:1      | Reached skill level 1 in Long Blades
   732 | D:1      | Reached skill level 1 in Fighting
   743 | D:1      | Reached skill level 5 in Necromancy
  1010 | D:2      | Reached XP level 3. HP: 20/20 MP: 3/7
  1227 | D:2      | Found a sacrificial altar of Ru.
  1628 | D:2      | Reached XP level 4. HP: 19/25 MP: 0/8
  1694 | D:2      | Found a corrupted altar of Lugonu.
  1701 | D:2      | Reached skill level 2 in Long Blades
  1781 | D:2      | Learned a level 3 spell: Vampiric Draining
  1786 | D:2      | Learned a level 4 spell: Agony
  1821 | D:2      | Found a runed door.
  2305 | D:3      | Noticed a sky beast
  2453 | D:2      | Killed a sky beast
  2454 | D:2      | Reached XP level 5. HP: 21/31 MP: 0/9
  2675 | D:3      | Reached skill level 3 in Long Blades
  2699 | D:3      | Found a glowing drain.
  2703 | Sewer    | Entered a sewer
  2917 | Sewer    | Gained mutation: You regenerate a little health from kills.
                  | [Skeleton growth]
  2917 | Sewer    | Reached XP level 6. HP: 36/36 MP: 3/10
  3465 | Sewer    | Reached skill level 4 in Long Blades
  3465 | Sewer    | Reached XP level 7. HP: 35/41 MP: 1/11
  3793 | D:3      | Found a bloodstained altar of Trog.
  4061 | D:2      | Noticed Crazy Yiuf
  4068 | D:2      | Killed Crazy Yiuf
  4165 | D:4      | Found a staircase to the Ecumenical Temple.
  4178 | Temple   | Entered the Ecumenical Temple
  4676 | D:4      | Found Batynledi's Distillery.
  4850 | D:5      | Entered Level 5 of the Dungeon
  5073 | D:5      | Found an ancient bone altar of Kikubaaqudgha.
  5081 | D:5      | Became a worshipper of Kikubaaqudgha
  5405 | D:6      | Got a scorched plate armour
  5416 | D:6      | Identified the +1 plate armour of the Thirteen Moons {rN+
                  | Dex-2 Stlth+} (You found it on level 6 of the Dungeon)
  5551 | D:6      | Reached skill level 5 in Long Blades
  5626 | D:6      | Found a basalt altar of Yredelemnul.
  5634 | D:6      | Found an iron altar of Okawaru.
  5718 | D:6      | Reached skill level 1 in Armour
  5820 | D:6      | Noticed Menkaure
  5880 | D:6      | Killed Menkaure
  5881 | D:6      | Reached XP level 8. HP: 8/48 MP: 2/12
  6011 | D:6      | Learned a level 4 spell: Animate Dead
  6030 | D:6      | Found a runed translucent gate.
  6030 | D:6      | Found a runed translucent gate.
  6030 | D:6      | Found a runed translucent gate.
  6030 | D:6      | Noticed yrara's ghost (novice DsFi)
  6680 | D:7      | Found a flagged portal.
  6752 | Bailey   | Entered a bailey
  6829 | Bailey   | Reached skill level 6 in Long Blades
  7076 | Bailey   | Reached * piety under Kikubaaqudgha
  7076 | Bailey   | Identified Kikubaaqudgha's Collected Works on Necromancy
                  | (Kikubaaqudgha gifted it to you in a bailey)
  7076 | Bailey   | Received a gift from Kikubaaqudgha
  7208 | Bailey   | Reached skill level 5 in Fighting
  7251 | Bailey   | Reached skill level 7 in Long Blades
  7324 | Bailey   | Noticed an orc knight
  7528 | D:7      | Reached XP level 9. HP: 45/54 MP: 7/13
  7750 | D:7      | Reached skill level 5 in Armour
  7864 | D:7      | Found a basalt altar of Yredelemnul.
  8037 | D:7      | Reached ** piety under Kikubaaqudgha
  8116 | D:7      | Found a hide-covered altar of Uskayaw.
  8170 | D:7      | Reached skill level 8 in Long Blades
  8172 | D:7      | Found Naont's Armour Emporium.
  8739 | D:8      | Noticed a death yak
  8790 | D:8      | Found a staircase to the Lair.
  8791 | D:8      | Noticed a death yak
  8792 | D:8      | Noticed a death yak
  8813 | Lair:1   | Entered Level 1 of the Lair of Beasts
  8953 | Lair:1   | Learned a level 2 spell: Corpse Rot
  8975 | Lair:1   | Noticed a komodo dragon
  8982 | Lair:1   | Killed a komodo dragon
  8983 | Lair:1   | Reached skill level 9 in Long Blades
  9034 | Lair:1   | Noticed a rime drake
  9040 | Lair:1   | Killed a rime drake
  9333 | Lair:1   | Gained mutation: Your movements are less encumbered by
                  | armour. (ER -4) [Skeleton growth]
  9333 | Lair:1   | Reached XP level 10. HP: 38/63 MP: 3/16
  9470 | Lair:1   | Noticed a four-headed hydra
  9631 | Lair:1   | Noticed a cane toad
  9639 | Lair:1   | Killed a cane toad
  9668 | Lair:1   | Reached skill level 10 in Long Blades
  9803 | Lair:1   | Killed a four-headed hydra
 10335 | Lair:2   | Noticed a cane toad
 10342 | Lair:2   | Killed a cane toad
 10458 | Lair:2   | Reached *** piety under Kikubaaqudgha
 10458 | Lair:2   | Identified Kikubaaqudgha's Volume of Darkness
                  | (Kikubaaqudgha gifted it to you on level 2 of the Lair of
                  | Beasts)
 10458 | Lair:2   | Received a gift from Kikubaaqudgha
 10650 | Lair:2   | Reached skill level 11 in Long Blades
 10802 | Lair:2   | Found a hole to the Spider Nest.
 10857 | Lair:2   | Reached XP level 11. HP: 71/71 MP: 10/17
 11993 | Lair:3   | Reached skill level 10 in Armour
 12137 | Lair:3   | Reached skill level 10 in Fighting
 12234 | Lair:3   | Noticed a dire elephant
 12450 | Lair:3   | HP: 1/73 [cane toad (14)]
 12450 | Lair:3   | Mangled by a wyvern

Skill      XL: |  1  2  3  4  5  6  7  8  9 10 11 |
---------------+----------------------------------+-----
Long Blades    | 1 2 3 4 5 7 9 11 | 11.9
Fighting       | 1 2 3 4 5 7 9 10 | 10.3
Necromancy     | 5 6 7 8 |  8.5
Armour         | 2 4 7 9 10 | 10.7
Spellcasting   | 4 |  4.0
Short Blades   | |  0.3
Dodging        | |  2.0
Stealth        | |  2.4

Action                   |  1- 3 |  4- 6 |  7- 9 | 10-12 || total
-------------------------+-------+-------+-------+-------++-------
Melee: Dagger            |     2 |       |       |       ||     2
       Falchion          |    77 |    18 |       |       ||    95
       Long sword        |       |     4 |   380 |   381 ||   765
 Cast: Pain              |    81 |   161 |   177 |    84 ||   503
       Agony             |       |     3 |    10 |    10 ||    23
       Vampiric Draining |       |     1 |     3 |     7 ||    11
       Animate Skeleton  |       |     2 |     6 |       ||     8
       Animate Dead      |       |       |     1 |    12 ||    13
       Corpse Rot        |       |       |       |     4 ||     4
Invok: Receive Corpses   |       |       |     1 |     3 ||     4
Evoke: Wand              |       |       |     2 |       ||     2
  Use: Scroll            |     1 |       |    13 |     3 ||    17
 Stab: Distracted        |       |       |       |     4 ||     4
Armor: Robe              |     1 |       |       |       ||     1
       Scale mail        |    38 |    46 |    24 |       ||   108
       Plate armour      |       |       |    48 |   272 ||   320
       Chain mail        |       |       |   189 |    57 ||   246
Dodge: Dodged            |    48 |    55 |   178 |   192 ||   473
Block: Other             |       |     2 |     8 |    19 ||    29
